 Dungeon Crawl Stone Soup version 0.28.0-62-gf88900778d (webtiles) character file.

Game seed: 3485911987551470240

12 Coron the Sneak (level 2, -2/27 HPs)
             Began as a Deep Dwarf Delver on Mar 31, 2023.
             Killed from afar by a white imp (5 damage)
             ... with a puff of frost
             ... on level 5 of the Dungeon.
             The game lasted 00:00:38 (76 turns).

Coron the Sneak (Deep Dwarf Delver)                   Turns: 76, Time: 00:00:38

Health: -2/27      AC:  3    Str: 15    XL:     2   Next: 20%
Magic:  2/2        EV: 12    Int: 10    God:
Gold:   23         SH:  0    Dex: 14    Spells: 1/1 levels left

rFire   . . .      SeeInvis .   a - +0 hand axe
rCold   . . .      Faith    .   (no shield)
rNeg    . . .      Spirit   .   b - +0 leather armour
rPois   .          Reflect  .   (no helmet)
rElec   .          Harm     .   (no cloak)
rCorr   .          Rampage  .   (no gloves)
Will    .....                   (no boots)
Stlth   +++.......              (no amulet)
HPRegen 0.00/turn               (no ring)
MPRegen 0.08/turn               (no ring)

@: no status effects
A: damage resistance, heal wounds, sense surroundings 1, no regeneration
a: Heal Wounds


You were on level 5 of the Dungeon.
You visited 1 branch of the dungeon, and saw 1 of its levels.

You collected 23 gold pieces.

Inventory:

Hand Weapons
 a - a +0 hand axe (weapon)
Armour
 b - a +0 leather armour (worn)
Wands
 g - a wand of digging (3)
Scrolls
 c - a scroll of fog
 d - a scroll of magic mapping
 e - a scroll of fear
Potions
 f - a potion of haste


   Skills:
 + Level 2.8 Fighting
 + Level 2.4 Axes
 + Level 2.4 Dodging
 - Level 6.2 Stealth


You had one spell level left.
You didn't know any spells.
Your spell library was empty.

Dungeon Overview and Level Annotations

Branches:
Dungeon (5/15)
 Temple: D:4-7

Altars:


Innate Abilities, Weirdness & Mutations

You are resistant to damage.
You can heal yourself by infusing magical energy.
You passively map a small area around you.
You do not regenerate.


Message History

The ufetubus barely misses you. The ufetubus hits you.
The ufetubus closely misses you. The ufetubus misses you.
You hit the ufetubus.
The ufetubus is heavily wounded.
The ufetubus misses you. The ufetubus barely misses you. x2
The ufetubus closely misses you.
You completely miss the ufetubus.
The ufetubus is heavily wounded.
The ufetubus hits you but does no damage.
The ufetubus closely misses you. The ufetubus misses you.
The ufetubus hits you but does no damage.
You hit the ufetubus.
You kill the ufetubus!
You have reached level 2!
The white imp shouts, "Submit, thou qualling dizzy-eyed haggard!"
Found a scroll labelled KOGUNULIGH.
You hit the white imp but do no damage. The white imp barely misses you.
You hit the white imp but do no damage.
The white imp hits you but does no damage.
You closely miss the white imp. The white imp gestures at you.
The puff of frost hits you! The white imp closely misses you.
You barely miss the white imp. The white imp hits you.
The white imp freezes you.
You hit the white imp.
The white imp is heavily wounded.
The white imp gestures at you. The puff of frost hits you!
* * * LOW HITPOINT WARNING * * *
You hit the white imp.
The white imp is almost dead.
The white imp barely misses you.
You barely miss the white imp.
The white imp is almost dead.
The white imp hits you but does no damage.
You barely miss the white imp.
The white imp is almost dead.
The white imp gestures at you. The puff of frost hits you!
You die...

...........# #............#
, ##............#, ,
..?...........# #.##.#
##............#, #..#.#
..............# # ##.#.# *
#...........#.##* * ,....#
#....5..........,
**#..###########@.........#
###..........# #.##.##.#..#
.............###.##.#* # #
. #>...............# , .*
##.........#######* .
#.........#* , * .
##+###....#* * ****, **
.#####.###....#
..............#ยง ,


You could see a white imp.

Vanquished Creatures
  A white imp (D:5)
  An ufetubus (D:5)
2 creatures vanquished.

Notes
Turn   | Place    | Note
-------+----------+-------------------------------------------
     0 | D:5      | Coron the Deep Dwarf Delver began the quest for the Orb.
     0 | D:5      | Reached XP level 1. HP: 20/20 MP: 1/1
    66 | D:5      | Reached XP level 2. HP: 22/27 MP: 2/2
    76 | D:5      | Killed from afar by a white imp

Illustrated notes

Levels and vault maps discovered:
D:5:      layout_basic, grunt_dithmenos_smoke_and_mirrors,
          mainiacjoe_overflow_cross_hatched, minmay_temple_entry_statues_pillars

Action                   || total
-------------------------++-------
Melee: Hand axe          ||    20
 Stab: Distracted        ||     1
Armor: Leather armour    ||     5
Dodge: Dodged            ||    21
